 Dungeon Crawl Stone Soup version 0.27.1-35-g4d5d836560 (webtiles) character file.

Game seed: 12899243432521960634

1946 Delamore the Basher (level 9, -9/54 HPs)
             Began as an Octopode Brigand on June 24, 2022.
             Mangled by a wyvern zombie (10 damage)
             ... in an ossuary.
             The game lasted 00:07:32 (5649 turns).

Delamore the Basher (Octopode Brigand)              Turns: 5649, Time: 00:07:32

Health: -9/54      AC:  1    Str: 10    XL:     9   Next: 18%
Magic:  7/9        EV: 13    Int: 16    God:
Gold:   263        SH:  0    Dex: 14    Spells: 6/8 levels left

rFire    . . .     SeeInvis .   f - +2 whip (freeze)
rCold    . . .     Faith    .   (no shield)
rNeg     . . .     Spirit   .   (helmet restricted)
rPois    .         Reflect  .   (no amulet)
rElec    .         Harm     .   o - +4 ring of slaying
rCorr    .         Rampage  .   (no ring)
Will     .....                  (no ring)
Stlth    +++++.....             (no ring)
HPRegen  0.18/turn              (no ring)
MPRegen  0.11/turn              (no ring)
                                (no ring)
                                (no ring)

@: very slightly contaminated
A: almost no armour, amphibious, 8 rings, camouflage 1, gelatinous body 1,
nimble swimmer 1, tentacles
a: no special abilities


You were in an ossuary.
You visited 2 branches of the dungeon, and saw 7 of its levels.
You also visited: Ossuary.

You collected 263 gold pieces.

Inventory:

Hand Weapons
 a - a +2 dagger
 f - a +2 whip of freezing (weapon)
Missiles
 b - 20 poisoned darts (quivered)
 c - 2 curare-tipped darts
Armour
 g - a +0 tower shield
Jewellery
 o - a +4 ring of slaying (left tentacle)
Wands
 s - a wand of acid (8)
Scrolls
 d - 3 scrolls of noise
 h - 5 scrolls of teleportation
 j - 2 scrolls of identify
 k - a scroll of vulnerability
 l - 2 scrolls of fear
 m - a scroll of enchant weapon
 n - a scroll of magic mapping
 q - a scroll of acquirement {unknown}
 r - 2 scrolls of immolation {unknown}
Potions
 e - 2 potions of haste {unknown}
 p - a potion of brilliance {unknown}
 t - 2 potions of lignification {unknown}
 u - a potion of attraction {unknown}
 v - 6 potions of curing {unknown}
 w - a potion of resistance {unknown}
 x - a potion of magic {unknown}
 z - a potion of flight {unknown}


   Skills:
 - Level 2.0 Fighting
 - Level 2.0 Short Blades
 + Level 11.4 Maces & Flails
 - Level 2.0 Throwing
 - Level 1.1 Dodging
 - Level 5.3 Stealth


You had 6 spell levels left.
You knew the following spells:

 Your Spells              Type           Power      Damage    Failure   Level
a - Blink                 Tloc           N/A        N/A       36%         2

Your spell library contained the following spells:

 Spells                   Type           Power      Damage    Failure   Level
 Pain                     Necr           0%         1d4       26%         1
 Lesser Beckoning         Tloc           0%         N/A       58%         3
 Olgreb's Toxic Radiance  Pois           0%         N/A       94%         4
 Agony                    Necr           0%         N/A       100%        5
 Blade Hands              Tmut           0%         N/A       100%        5
 Excruciating Wounds      Necr           0%         N/A       100%        5
 Irradiate                Conj/Tmut      0%         3d14      100%        5
 Manifold Assault         Tloc           0%         N/A       100%        5
 Dragon Form              Tmut           0%         N/A       100%        7
 Ozocubu's Refrigeration  Ice            0%         4d5       100%        7
 Ignition                 Fire           0%         3d3       100%        8


Dungeon Overview and Level Annotations

Branches:
Dungeon (6/15)             Temple (1/1) D:4         Ossuary (1/1)

Altars:
Ashenzari
Cheibriados
Dithmenos
Hepliaklqana
Kikubaaqudgha
Makhleb
Nemelex Xobeh
Okawaru
Qazlal
Sif Muna
Uskayaw
Vehumet
Wu Jian
Xom
Yredelemnul
Zin
The Shining One


Innate Abilities, Weirdness & Mutations

You cannot wear most types of armour.
You are amphibious.
You can wear up to eight rings at the same time.
Your skin changes colour to match your surroundings (Stealth+).
Your rubbery body absorbs attacks. (AC +1, EV +1)
You are camouflaged near water. (Stealth+)
You have tentacles for arms and can constrict up to eight enemies at once.


Message History

* * * LOW HITPOINT WARNING * * *
You release your grip on the hornet zombie.
You feel much better. The hornet zombie barely misses you.
You hit the hornet zombie but do no damage.
You grab the hornet zombie.
The hornet zombie is lightly damaged.
You constrict the hornet zombie. The hornet zombie barely misses you.
You whack the hornet zombie!
The hornet zombie is moderately damaged.
You constrict the hornet zombie, but do no damage.
The hornet zombie hits you.
You hit the hornet zombie.
The hornet zombie is moderately damaged.
You constrict the hornet zombie. You whack the hornet zombie!
The hornet zombie is heavily damaged.
You constrict the hornet zombie. The hornet zombie misses you.
You whack the hornet zombie!
The hornet zombie is severely damaged.
You constrict the hornet zombie. The hornet zombie barely misses you.
You hit the hornet zombie.
The hornet zombie is severely damaged.
You constrict the hornet zombie. The hornet zombie hits you!
* * * LOW HITPOINT WARNING * * *
You whack the hornet zombie!
The hornet zombie is almost destroyed.
You constrict the hornet zombie. You hit the hornet zombie.
You destroy the hornet zombie!
The wyvern zombie bites you!
* * * LOW HITPOINT WARNING * * *
Okay, then.
Okay, then.
Okay, then.
Casting: Blink (dangerous; 36% risk of failure)
Confirm with . or Enter, or press ? or * to list all spells.
You miscast Blink.
You are very lightly contaminated with residual magic.
Nothing appears to happen.
The wyvern zombie bites you!
You die...

+#+#'#'#'#'#'###
.............'.#
.##'##'##'##.###
#...#.#...#.'.#
#.∩.###...#.###
#..∩# #...#.'.#
#####'#####.####
......≈≈'.Z###
#'#####≈###@≈#
#≈≈.#≈## #≈#####
#≈. #≈≈ ≈≈≈.
#'#≈ #.#≈≈


You could see a wyvern zombie.

Vanquished Creatures
  A water moccasin (D:5)
  A hornet zombie (Ossuary)
  An orc warrior (D:4)
  2 necrophages
  2 ogres
  A black bear (D:4)
  2 wyvern zombies
  2 scorpions
  4 water moccasin zombies
  A centaur zombie (Ossuary)
  4 bullfrog zombies (Ossuary)
  2 hounds
  2 orc priests
  A centaur skeleton (D:3)
  3 iguanas (D:5)
  A scorpion zombie (D:5)
  An orc wizard (D:4)
  A killer bee zombie (D:5)
  A hound zombie (D:5)
  7 mummies (Ossuary)
  A howler monkey zombie (Ossuary)
  Robin (D:3)
  4 adders
  A gnoll (D:1)
  A white imp (D:5)
  An adder skeleton (D:5)
  3 worms
  3 dart slugs
  11 orcs
  6 ball pythons
  10 endoplasms
  4 giant cockroaches
  14 goblins
  11 hobgoblins
  3 jackals (D:3)
  2 quokkas (D:2)
  8 bats
  3 frilled lizards
  4 kobolds
  5 rats
136 creatures vanquished.

Vanquished Creatures (others)
  11 fungi (D:5)
  4 plants (D:4)
  5 withered plants (Ossuary)
20 creatures vanquished.

Grand Total: 156 creatures vanquished

Notes
Turn   | Place    | Note
-------+----------+-------------------------------------------
     0 | D:1      | Delamore the Octopode Brigand began the quest for the Orb.
     0 | D:1      | Reached XP level 1. HP: 14/14 MP: 1/1
   133 | D:1      | Reached skill level 1 in Maces & Flails
   134 | D:1      | Reached XP level 2. HP: 19/19 MP: 2/2
   185 | D:1      | Reached skill level 2 in Maces & Flails
   357 | D:1      | Reached XP level 3. HP: 24/24 MP: 3/3
   573 | D:1      | Found a faded altar of an unknown god.
   839 | D:2      | Reached skill level 3 in Maces & Flails
  1315 | D:2      | Reached XP level 4. HP: 28/29 MP: 4/4
  1581 | D:3      | Noticed a necrophage
  1662 | D:3      | Found a shimmering altar of Xom.
  1699 | D:3      | Reached skill level 4 in Maces & Flails
  2012 | D:3      | Reached XP level 5. HP: 33/34 MP: 5/5
  2139 | D:4      | Reached skill level 5 in Maces & Flails
  2248 | D:4      | Found a staircase to the Ecumenical Temple.
  2276 | Temple   | Entered the Ecumenical Temple
  2414 | D:4      | Noticed a black bear
  2423 | D:4      | Reached XP level 6. HP: 39/39 MP: 6/6
  2432 | D:4      | Killed a black bear
  2433 | D:4      | Reached skill level 6 in Maces & Flails
  2693 | D:4      | Reached XP level 7. HP: 45/45 MP: 7/7
  2717 | D:4      | Learned a level 2 spell: Blink
  2872 | D:4      | Reached skill level 7 in Maces & Flails
  3483 | D:3      | Found a radiant altar of Vehumet.
  3625 | D:3      | Reached skill level 8 in Maces & Flails
  3661 | D:3      | Found a hide-covered altar of Uskayaw.
  3700 | D:3      | Noticed Robin
  3915 | D:3      | Killed Robin
  4116 | D:5      | Entered Level 5 of the Dungeon
  4154 | D:5      | Reached XP level 8. HP: 50/50 MP: 8/8
  4257 | D:5      | Reached skill level 9 in Maces & Flails
  4565 | D:5      | Found a broken altar of Ashenzari.
  4694 | D:5      | Found a hazy altar of Hepliaklqana.
  4835 | D:5      | Reached skill level 10 in Maces & Flails
  5080 | D:6      | Found a sand-covered staircase.
  5086 | Ossuary  | Entered an ossuary
  5468 | Ossuary  | Reached XP level 9. HP: 51/54 MP: 9/9
  5481 | Ossuary  | Reached skill level 11 in Maces & Flails
  5648 | Ossuary  | HP: 1/54 [wyvern zombie (12)]
  5649 | Ossuary  | Mangled by a wyvern zombie

Illustrated notes

Levels and vault maps discovered:
D:1:      co_arrival_random_square_maze, layout_basic,
          hellmonk_ecumenical_altar_inner_sanctum
D:2:      layout_loops_ring
D:3:      layout_basic, mainiacjoe_overflow_alcove_2, amcnicky_altar_gilded,
          mainiacjoe_overflow_concentric_impassable,
          kennysheep_decorative_pillar, uniq_robin
D:4:      layout_loops_corners, minmay_temple_entry_gardened_gates
D:5:      layout_basic, nicolae_hepliaklqana_hippocampus,
          mainiacjoe_overflow_cross_hatched
D:6:      layout_basic, elyvilon_altar_4, nicolae_ossuary_entry_ruins
Temple:   nicolae_temple_hex_pool
Ossuary:  ossuary_zaba_flooded

Skill      XL: |  1  2  3  4  5  6  7  8  9 |
---------------+----------------------------+-----
Maces & Flails | 1 2 3 4 5 6 8 10 11 | 11.4
Fighting       | |  2.0
Short Blades   | |  2.0
Throwing       | |  2.0
Dodging        | |  1.1
Stealth        | |  5.3

Action                   |  1- 3 |  4- 6 |  7- 9 || total
-------------------------+-------+-------+-------++-------
Melee: Whip              |    50 |    69 |   173 ||   292
       Dagger            |     2 |       |       ||     2
       Constrict         |     7 |    12 |    39 ||    58
       Tentacles         |     5 |    13 |    45 ||    63
Throw: Dart              |     3 |    23 |    20 ||    46
  Use: Scroll            |       |     3 |     6 ||     9
       Potion            |       |       |     2 ||     2
 Stab: Sleeping          |    17 |     6 |     6 ||    29
       Distracted        |       |       |     1 ||     1
Armor: Skin              |     2 |     2 |     4 ||     8
Dodge: Dodged            |    16 |    41 |    55 ||   112
